 Dungeon Crawl Stone Soup version 0.31-a0-150-g89dc3ad700 (webtiles) character file.

Game seed: 14270550181718495635

112 qw the Shooter (level 4, -2/40 HPs)
             Began as a Minotaur Hunter on June 8, 2023.
             Slain by Sigmund
             ... wielding a +0 scythe
              (3 damage)
             ... on level 2 of the Dungeon.
             The game lasted 00:00:50 (1721 turns).

qw the Shooter (Minotaur Hunter)                    Turns: 1721, Time: 00:00:50

Health: -2/40      AC:  9    Str: 16    XL:     4   Next: 63%
Magic:  3/3        EV: 11    Int:  6    God:
Gold:   87         SH:  0    Dex: 15    Spells: 3/3 levels left

rFire   . . .        Y - +2 shortbow
rCold   . . .        (shield currently unavailable)
rNeg    . . .        h - +0 ring mail
rPois   .            (helmet restricted)
rElec   .            (no cloak)
rCorr   .            (no gloves)
SInv    .            (no boots)
Will    .....        (no amulet) Stlth
                     l - +4 ring of protection
HPRegen 0.26/turn    (no ring)
MPRegen 0.08/turn

%: no passive effects
@: confused
A: horns 2, retaliatory headbutt
a: no special abilities


You were on level 2 of the Dungeon.
You visited 1 branch of the dungeon, and saw 4 of its levels.

You collected 87 gold pieces.


Innate Abilities, Weirdness & Mutations

You have a pair of horns on your head.
You reflexively headbutt those who attack you in melee.


   Skills:
 + Level 3.7 Fighting
 - Level 6.0 Ranged Weapons
 - Level 1.0 Armour
 - Level 2.1 Dodging
 - Level 0.7 Stealth


You had 3 spell levels left.
You didn't know any spells.
Your spell library was empty.

Inventory:

Hand Weapons
 Y - a +2 shortbow (weapon)
Armour
 h - a +0 ring mail (worn)
Jewellery
 l - a +4 ring of protection (left hand)
Scrolls
 a - a scroll of identify
 j - 2 scrolls of teleportation
Potions
 b - a potion of might {unknown}
 d - a potion of attraction {unknown}
 f - a potion of degeneration {unknown}
 k - a potion of haste

Dungeon Overview and Level Annotations

Branches:
Dungeon (4/15)
 Temple: D:4-7

Altars:
Dithmenos

Annotations:
D:2 Sigmund


Message History

Enter note:
Enter note:
Enter note:
Enter note:
Enter note:
Enter note:
Enter note:
Enter note:
Enter note:
Enter note:
Enter note:
Enter note:
Enter note:
Enter note:
Enter note:
Enter note:
Enter note: You start resting.
Sigmund is nearby!
You shoot an arrow. The arrow closely misses Sigmund.
Sigmund casts a spell at you.
You are confused.
Sigmund casts a spell at you.
You are more confused.
Sigmund hits you with a +0 scythe. Sigmund barely misses you.
Sigmund flickers, as though insubstantial.
Sigmund points at you and mumbles some strange words.
You are more confused.
Sigmund misses you. Sigmund hits you with a +0 scythe.
Sigmund barely misses you. Sigmund hits you with a +0 scythe.
Sigmund hits you with a +0 scythe. Sigmund barely misses you.
Sigmund closely misses you. Sigmund gestures at you while chanting.
The magic dart hits you! Sigmund hits you with a +0 scythe.
You die...

## ###### ... ##....## ...
#.8..8.# ... #......# #..
##))..## #. ..#
###.##.############
.#...###@##''##.#8#.8.#8##
..###.@.#@.....#...#.#...'
##...###.##')##.#8#.8.#8##
#.# ###.##.######'#####
##.)..## ##.####. #......#
#...##.. #.8..8.# ##.##...
##....## ###.... ######
#..... ######


You could see Sigmund.

Vanquished Creatures
  3 adders
  4 dart slugs
  7 orcs
  5 ball pythons
  5 bats
  An endoplasm (D:1)
  3 giant cockroaches
  8 goblins
  9 hobgoblins
  4 jackals (D:2)
  A quokka (D:1)
  4 frilled lizards (D:1)
  5 kobolds
  5 rats
64 creatures vanquished.

Notes
Turn   | Place    | Note
-------+----------+-------------------------------------------
     0 | D:1      | qw the Minotaur Hunter began the quest for the Orb.
     0 | D:1      | Reached XP level 1. HP: 18/18 MP: 0/0
     0 | D:1      | 0 ||| qw: Version: 0.2-a-119-g0488c42
     0 | D:1      | 0 ||| qw: Game counter: 2728
     0 | D:1      | 0 ||| qw: Always use a shield: true
     0 | D:1      | 0 ||| qw: God list: Okawaru
     0 | D:1      | 0 ||| qw: Allow faded altars: false
     0 | D:1      | 0 ||| qw: Do Orc after D:15 true
     0 | D:1      | 0 ||| qw: Do second Lair branch before Depths: true
     0 | D:1      | 0 ||| qw: Lair rune preference: random
     0 | D:1      | 0 ||| qw: Plans: Normal
     0 | D:1      | 0 ||| PLANNING D:1-11
   106 | D:1      | Reached XP level 2. HP: 25/25 MP: 1/1
   232 | D:1      | Reached skill level 5 in Ranged Weapons
   463 | D:1      | Reached skill level 3 in Fighting
   838 | D:1      | Found a faded altar of an unknown god.
   969 | D:1      | 969 ||| UPGRADING to +0 ring mail.
   979 | D:1      | 979 ||| DROPPING +0 leather armour.
   980 | D:1      | 980 ||| UPGRADING to +4 ring of protection.
   981 | D:1      | 981 ||| READING 2 scrolls labelled OGOERREJAP.
   982 | D:1      | 982 ||| READING scroll labelled BUVOSAE QOAN.
   983 | D:1      | 983 ||| READING scroll labelled CUTAIPNASCHI.
   984 | D:1      | 984 ||| READING 3 scrolls labelled MERIAS KORURCHU.
   988 | D:1      | 988 ||| DROPPING scroll of butterflies.
  1026 | D:2      | Reached XP level 3. HP: 31/31 MP: 2/2
  1031 | D:2      | Reached skill level 1 in Armour
  1121 | D:2      | Found a shadowy altar of Dithmenos.
  1128 | D:2      | You fall into a shaft and drop 2 floors!
  1135 | D:4      | Noticed a +0 short sword
  1137 | D:4      | Noticed a +0 short sword
  1138 | D:4      | Noticed a +0 spear
  1139 | D:4      | Noticed a +0 dagger
  1140 | D:4      | Noticed a +0 spear
  1153 | D:4      | 1153 ||| READING scroll of enchant weapon.
  1153 | D:4      | 1153 ||| ENCHANTING +1 shortbow.
  1242 | D:4      | 1242 ||| DRINKING 2 grey potions.
  1257 | D:3      | Reached XP level 4. HP: 38/38 MP: 3/3
  1264 | D:3      | Reached skill level 6 in Ranged Weapons
  1636 | D:2      | 1636 ||| READING scroll labelled LUCASI BATH.
  1681 | D:2      | Noticed Sigmund
  1714 | D:2      | HP: 9/40 [Sigmund/+0 scythe (4)]
  1720 | D:2      | HP: 1/40 [Sigmund/magic dart (7)]
  1721 | D:2      | Slain by Sigmund

Levels and vault maps discovered:
D:1:      sevenhm_arrival_forest_fort_small_3, layout_basic,
          dilly_ecumenical_altar_fadedgnrine, patterned_corridor
D:2:      layout_basic, basic_altar, minmay_liquid_box, minmay_misc_feat_cross,
          minivault_24, wad_orctagon, uniq_sigmund
D:3:      layout_loops_corners, gammafunk_ghost_icy, kennysheep_generic_room_12,
          uniq_ijyb
D:4:      minmay_chambers_of_threes, layout_cave_pools,
          grunt_temple_overflow_gold_and_silver, nicolae_uskayaw_en_pointe

Skill      XL: |  1  2  3  4 |
---------------+-------------+-----
Ranged Weapons | 5 6 |  6.0
Fighting       | 3 |  3.7
Armour         | 1 |  1.0
Dodging        | |  2.1
Stealth        | |  0.7

Action                     |  1- 3 |  4- 6 || total
---------------------------+-------+-------++-------
   Fire: Shortbow          |   110 |    58 ||   168
    Use: Scroll            |     5 |     1 ||     6
         Potion            |     1 |       ||     1
 Armour: Leather armour    |     4 |       ||     4
         Ring mail         |    14 |    13 ||    27
  Dodge: Dodged            |    25 |    25 ||    50

Table legend:
 A = Non-vault XP
 B = Vault XP
 C = Vault XP percentage of total XP
 D = Non-vault monster count
 E = Vault monster count
 F = Vault count percentage of total count
                 A         B        C        D         E       F
            +---------+---------+-------+---------+---------+-------
      Total |     148 |      12 |   7.5 |      60 |       4 |   6.2
            +---------+---------+-------+---------+---------+-------
        D:1 |      36 |       0 |   0.0 |      22 |       0 |   0.0
        D:2 |      34 |      12 |  26.1 |      20 |       4 |  16.7
        D:3 |      40 |       0 |   0.0 |       7 |       0 |   0.0
        D:4 |      38 |       0 |   0.0 |      11 |       0 |   0.0
            +---------+---------+-------+---------+---------+-------
